PL
PANAMA CITY PIRANHAS @ VANCOUVER GREY WOLVES
07/19/2024
 
TOP OF THE 1ST
Panama City Piranhas batting - Pitching for Vancouver Grey Wolves : RHP Roderick Rhodes
Pitching: RHP Roderick Rhodes
Batting: LHB Floyd Long 0-0: Ball
1-0: Ball
2-0: Called Strike
2-1: Ball
3-1: Ground out U3 (Groundball, 3)
Batting: LHB Ye Der 0-0: Ball
1-0: Ball
2-0: Ball
3-0: Fly out, F7 (Flyball, 78M)
Batting: LHB Herman Hayes 0-0: Foul Ball, location: 2F
0-1: Fly out, F7 (Flyball, 7S)
Top of the 1st over - 0 run(s), 0 hit(s), 0 error(s), 0 left on base; Panama City 0 - Vancouver 0
BOTTOM OF THE 1ST
Vancouver Grey Wolves batting - Pitching for Panama City Piranhas : LHP Wayne Craig
Pitching: LHP Wayne Craig
Batting: SHB Gregg Wagner 0-0: Fly out, F7 (Flyball, 7LD)
Batting: RHB Travis Newsome 0-0: Called Strike
0-1: Foul Ball, location: 2F
0-2: Strikes out swinging
Batting: RHB José Carlos Ramos 0-0: Ball
1-0: Swinging Strike
1-1: Called Strike
1-2: Strikes out swinging
Bottom of the 1st over - 0 run(s), 0 hit(s), 0 error(s), 0 left on base; Panama City 0 - Vancouver 0
TOP OF THE 2ND
Panama City Piranhas batting - Pitching for Vancouver Grey Wolves : RHP Roderick Rhodes
Batting: SHB Marc Talamante 0-0: Ball
1-0: Foul Ball, location: 2F
1-1: Ball
2-1: Foul Ball, location: 2F
2-2: Ball
3-2: Base on Balls
Batting: LHB Francisco Sánchez 0-0: Ball
1-0: Fly out, F8 (Flyball, 8RM)
Batting: RHB Armando Alvarado 0-0: Ball
1-0: Ball
2-0: Foul Ball, location: 2F
2-1: Swinging Strike
2-2: Foul Ball, location: 2F
2-2: Strikes out swinging
Batting: RHB William Hull 0-0: Ball
1-0: Ball
2-0: Ball
3-0: Base on Balls
Marc Talamante to second
Batting: LHB Steve Cunningham 0-0: Ball
1-0: Ball
2-0: Called Strike
2-1: Ball
3-1: Foul Ball, location: 2F
3-2: Strikes out looking
Top of the 2nd over - 0 run(s), 0 hit(s), 0 error(s), 2 left on base; Panama City 0 - Vancouver 0
BOTTOM OF THE 2ND
Vancouver Grey Wolves batting - Pitching for Panama City Piranhas : LHP Wayne Craig
Batting: LHB Emílio Barbán 0-0: Swinging Strike
0-1: Ball
Reached via error on a dropped throw, E1
Batting: RHB Tony Farquharson 0-0: Called Strike
0-1: Foul Ball, location: 2F
0-2: Ball
1-2: Strikes out swinging
Batting: RHB Ramón Cabral 0-0: Reached on error, E6 (Groundball, 6M)
Emílio Barbán to second
Batting: LHB José Alonso 0-0: Called Strike
0-1: Foul Ball, location: 2F
0-2: Foul Ball, location: 2F
0-2: Strikes out looking
Batting: RHB Danny Walsh 0-0: Ball
1-0: Ball
2-0: Ball
Wild Pitch!
Emílio Barbán to third
Ramón Cabral to second
3-0: Called Strike
3-1: Ground out 4-3 (Groundball, 4)
Bottom of the 2nd over - 0 run(s), 0 hit(s), 2 error(s), 2 left on base; Panama City 0 - Vancouver 0
TOP OF THE 3RD
Panama City Piranhas batting - Pitching for Vancouver Grey Wolves : RHP Roderick Rhodes
Batting: RHB Tim Barnes 0-0: Called Strike
0-1: Foul Ball, location: 2F
0-2: Ball
1-2: Ball
2-2: Foul Ball, location: 2F
2-2: Foul Ball, location: 2F
2-2: Ball
3-2: Fly out, F7 (Flyball, 78M)
Batting: LHB Floyd Long 0-0: Ball
1-0: Ball
2-0: Called Strike
2-1: Ball
3-1: Base on Balls
Batting: LHB Ye Der 0-0: Foul Ball, location: 2F
0-1: Called Strike
0-2: Ball
1-2: Fly out, F9 (Flyball, 9LS)
Batting: LHB Herman Hayes 0-0: Called Strike
0-1: Foul Ball, location: 2F
0-2: Strikes out looking
Top of the 3rd over - 0 run(s), 0 hit(s), 0 error(s), 1 left on base; Panama City 0 - Vancouver 0
BOTTOM OF THE 3RD
Vancouver Grey Wolves batting - Pitching for Panama City Piranhas : LHP Wayne Craig
Batting: LHB David Hubbard 0-0: Foul Ball, location: 2F
0-1: DOUBLE (Line Drive, 89D)
Batting: SHB Gregg Wagner 0-0: Ball
1-0: Foul Ball, location: 2F
1-1: Called Strike
1-2: Foul Ball, location: 2F
1-2: Ball
2-2: Ball
3-2: Base on Balls
Batting: RHB Travis Newsome 0-0: Swinging Strike
0-1: Ball
1-1: Ball
2-1: Swinging Strike
2-2: Fly out, F6 (Line Drive, 6M)
Batting: RHB José Carlos Ramos 0-0: Ball
1-0: Grounds into double play, 6-4-3 (Groundball, 6)
Bottom of the 3rd over - 0 run(s), 1 hit(s), 0 error(s), 1 left on base; Panama City 0 - Vancouver 0
TOP OF THE 4TH
Panama City Piranhas batting - Pitching for Vancouver Grey Wolves : RHP Roderick Rhodes
Batting: SHB Marc Talamante 0-0: Ball
1-0: Ground out 4-3 (Groundball, 4M)
Batting: LHB Francisco Sánchez 0-0: Ball
1-0: Called Strike
1-1: Foul Ball, location: 2F
1-2: Ground out 4-3 (Groundball, 4)
Batting: RHB Armando Alvarado 0-0: Swinging Strike
0-1: Ball
1-1: Swinging Strike
1-2: Foul Ball, location: 2F
1-2: Foul Ball, location: 2F
1-2: SINGLE (Line Drive, 6D)
Batting: RHB William Hull 0-0: Ground out 6-3 (Groundball, 6)
Top of the 4th over - 0 run(s), 1 hit(s), 0 error(s), 1 left on base; Panama City 0 - Vancouver 0
BOTTOM OF THE 4TH
Vancouver Grey Wolves batting - Pitching for Panama City Piranhas : LHP Wayne Craig
Batting: LHB Emílio Barbán 0-0: Called Strike
0-1: Ball
1-1: Ball
2-1: Ball
3-1: Fly out, F8 (Flyball, 78M)
Batting: RHB Tony Farquharson 0-0: Ground out 1-3 (Groundball, 15S)
Batting: RHB Ramón Cabral 0-0: Called Strike
0-1: Ball
1-1: Ball
2-1: Ground out 6-3 (Groundball, 6)
Bottom of the 4th over - 0 run(s), 0 hit(s), 0 error(s), 0 left on base; Panama City 0 - Vancouver 0
TOP OF THE 5TH
Panama City Piranhas batting - Pitching for Vancouver Grey Wolves : RHP Roderick Rhodes
Batting: LHB Steve Cunningham 0-0: Ball
1-0: Ball
2-0: Foul Ball, location: 2F
2-1: Ball
3-1: Fly out, F8 (Flyball, 8LS)
Batting: RHB Tim Barnes 0-0: Called Strike
0-1: Swinging Strike
0-2: Ball
1-2: Ball
2-2: Strikes out swinging
Batting: LHB Floyd Long 0-0: Ball
1-0: Ball
2-0: Ball
3-0: Called Strike
3-1: Base on Balls
Batting: LHB Ye Der 0-0: Called Strike
0-1: Called Strike
0-2: Ball
1-2: Ball
2-2: Ball
3-2: Fly out, F5 (Popup, 6)
Top of the 5th over - 0 run(s), 0 hit(s), 0 error(s), 1 left on base; Panama City 0 - Vancouver 0
BOTTOM OF THE 5TH
Vancouver Grey Wolves batting - Pitching for Panama City Piranhas : LHP Wayne Craig
Batting: LHB José Alonso 0-0: Ball
1-0: Ball
2-0: Ground out 4-3 (Groundball, 34)
Batting: RHB Danny Walsh 0-0: Called Strike
0-1: Foul Ball, location: 2F
0-2: Ball
1-2: Fly out, F7 (Flyball, 78M)
Batting: LHB David Hubbard 0-0: Ball
1-0: Foul Ball, location: 2F
1-1: Foul Ball, location: 2F
1-2: Ball
2-2: Ball
3-2: Foul Ball, location: 2F
3-2: Foul Ball, location: 2F
3-2: SINGLE (Groundball, 4M)
Batting: SHB Gregg Wagner 0-0: Called Strike
0-1: Swinging Strike
0-2: Ball
David Hubbard steals 2nd base
1-2: Ball
2-2: Ball
3-2: Strikes out swinging
Bottom of the 5th over - 0 run(s), 1 hit(s), 0 error(s), 1 left on base; Panama City 0 - Vancouver 0
TOP OF THE 6TH
Panama City Piranhas batting - Pitching for Vancouver Grey Wolves : RHP Roderick Rhodes
Batting: LHB Herman Hayes 0-0: Called Strike
0-1: Ball
1-1: SINGLE (Flyball, 8LS)
Batting: SHB Marc Talamante 0-0: SINGLE (Line Drive, 7S)
Herman Hayes to second
Batting: LHB Francisco Sánchez 0-0: Ball
1-0: Ball
2-0: Ball
3-0: Called Strike
3-1: Swinging Strike
3-2: Base on Balls
Herman Hayes to third
Marc Talamante to second
Pitching: RHP Joshua Barnes
Batting: RHB Armando Alvarado 0-0: Foul Ball, location: 2F
0-1: SINGLE (Groundball, 56D)
Herman Hayes scores
Marc Talamante to third
Francisco Sánchez to second
Batting: RHB William Hull 0-0: Ball
1-0: Called Strike
1-1: Called Strike
1-2: Strikes out swinging
Batting: LHB Steve Cunningham 0-0: Ball
1-0: Called Strike
1-1: Ball
2-1: Swinging Strike
2-2: Strikes out looking
Batting: RHB Tim Barnes 0-0: Ball
1-0: Ball
2-0: Foul Ball, location: 2F
2-1: Ball
3-1: Swinging Strike
3-2: Strikes out looking
Top of the 6th over - 1 run(s), 3 hit(s), 0 error(s), 3 left on base; Panama City 1 - Vancouver 0
BOTTOM OF THE 6TH
Vancouver Grey Wolves batting - Pitching for Panama City Piranhas : LHP Wayne Craig
Batting: RHB Travis Newsome 0-0: Called Strike
0-1: Swinging Strike
0-2: Ball
1-2: SINGLE (Flyball, 7S)
Batting: RHB José Carlos Ramos 0-0: Called Strike
Travis Newsome steals 2nd base
0-1: Called Strike
0-2: Ball
1-2: Ball
2-2: Ground out 1-3 (Groundball, 23)
Travis Newsome to third
Batting: LHB Emílio Barbán 0-0: Called Strike
0-1: Foul Ball, location: 2F
0-2: Strikes out looking
Batting: RHB Tony Farquharson 0-0: Ground out 6-3 (Groundball, 6)
Bottom of the 6th over - 0 run(s), 1 hit(s), 0 error(s), 1 left on base; Panama City 1 - Vancouver 0
TOP OF THE 7TH
Panama City Piranhas batting - Pitching for Vancouver Grey Wolves : RHP Joshua Barnes
Batting: LHB Floyd Long 0-0: Called Strike
0-1: Ball
1-1: Ball
2-1: Ball
3-1: Base on Balls
Batting: LHB Ye Der 0-0: Ball
1-0: Called Strike
1-1: Foul Ball, location: 2F
1-2: Reached on error, E5 (Groundball, 56S)
Floyd Long to second
Batting: LHB Herman Hayes 0-0: Ball
1-0: Foul Ball, location: 2F
1-1: Ball
2-1: Ball
3-1: Foul Ball, location: 2F
3-2: Base on Balls
Floyd Long to third
Ye Der to second
Batting: SHB Marc Talamante 0-0: Called Strike
0-1: Ball
1-1: Ball
2-1: Foul Ball, location: 2F
2-2: Ball
3-2: Foul Ball, location: 2F
3-2: Base on Balls
Floyd Long scores
Ye Der to third
Herman Hayes to second
Batting: LHB Francisco Sánchez 0-0: Ball
1-0: Ball
2-0: Fly out, F8 (Flyball, 8RD)
Runner from 3rd tags up, SCORES, no throw
Batting: RHB Armando Alvarado 0-0: Called Strike
0-1: Ball
1-1: Fly out, F8 (Flyball, 78XD)
Runner from 2nd tags up, SAFE at 3rd, no throw
Batting: RHB William Hull 0-0: Ball
1-0: Ball
2-0: Swinging Strike
2-1: Ball
3-1: 3-RUN HOME RUN (Flyball, 7D), Distance : 359 ft
Pitching: RHP Burt Booth
Batting: LHB Steve Cunningham 0-0: Ball
1-0: Ground out U3 (Groundball, 3)
Top of the 7th over - 5 run(s), 1 hit(s), 1 error(s), 0 left on base; Panama City 6 - Vancouver 0
BOTTOM OF THE 7TH
Vancouver Grey Wolves batting - Pitching for Panama City Piranhas : LHP Wayne Craig
Now at C: Jorge González
Batting: RHB Ramón Cabral 0-0: SINGLE (Line Drive, 9S)
Batting: LHB José Alonso 0-0: Called Strike
0-1: Ball
1-1: Ball
2-1: Fly out, F9 (Line Drive, 9M)
Batting: RHB Danny Walsh 0-0: Called Strike
0-1: Swinging Strike
0-2: Ball
1-2: Ball
2-2: Ball
3-2: SINGLE (Flyball, 9S)
Ramón Cabral to second
Runner from 2nd tries for 3rd, SAFE, throw made to third
Batting: LHB David Hubbard 0-0: Grounds into double play, 1-6-3 (Groundball, 15S)
Bottom of the 7th over - 0 run(s), 2 hit(s), 0 error(s), 1 left on base; Panama City 6 - Vancouver 0
TOP OF THE 8TH
Panama City Piranhas batting - Pitching for Vancouver Grey Wolves : RHP Burt Booth
Batting: RHB Tim Barnes 0-0: Ball
1-0: Ball
2-0: Ball
3-0: Called Strike
3-1: Base on Balls
Batting: LHB Floyd Long 0-0: Foul Ball, location: 2F
0-1: Ball
1-1: Swinging Strike
1-2: Strikes out swinging
Batting: LHB Ye Der 0-0: Called Strike
0-1: Reached on error, E1 (Groundball, 13S)
Tim Barnes to second
Batting: LHB Herman Hayes 0-0: Foul Ball, location: 2F
0-1: Called Strike
0-2: Strikes out swinging
Batting: SHB Marc Talamante 0-0: Called Strike
0-1: Ball
1-1: Foul Ball, location: 2F
1-2: Ball
2-2: Ball
3-2: Foul Ball, location: 2F
3-2: Foul Ball, location: 2F
3-2: Foul Ball, location: 2F
3-2: Strikes out swinging
Top of the 8th over - 0 run(s), 0 hit(s), 1 error(s), 2 left on base; Panama City 6 - Vancouver 0
BOTTOM OF THE 8TH
Vancouver Grey Wolves batting - Pitching for Panama City Piranhas : LHP Wayne Craig
Batting: SHB Gregg Wagner 0-0: Called Strike
0-1: Foul Ball, location: 2F
0-2: Ball
1-2: Ball
2-2: Strikes out swinging
Batting: RHB Travis Newsome 0-0: Reached on error, E1 (Groundball, 15)
Batting: RHB José Carlos Ramos 0-0: Ball
1-0: Called Strike
1-1: DOUBLE (Groundball, 5D)
Travis Newsome to third
Pinch Runner at 2nd Min-heui Im:
Batting: LHB Emílio Barbán 0-0: Called Strike
0-1: Swinging Strike
0-2: Ball
1-2: Strikes out swinging
Batting: RHB Tony Farquharson 0-0: Called Strike
0-1: Ball
1-1: Ball
2-1: Ball
3-1: Reached on error, E5 (Groundball, 56)
Travis Newsome scores
Min-heui Im scores
Pitching: RHP Dave Tomlinson
Batting: RHB Ramón Cabral 0-0: Ball
1-0: Ground out 4-3 (Groundball, 4)
Bottom of the 8th over - 2 run(s), 1 hit(s), 2 error(s), 1 left on base; Panama City 6 - Vancouver 2
TOP OF THE 9TH
Panama City Piranhas batting - Pitching for Vancouver Grey Wolves : RHP Burt Booth
Batting: LHB Francisco Sánchez 0-0: Called Strike
0-1: Fly out, F3 (Line Drive, 3)
Batting: RHB Armando Alvarado 0-0: Swinging Strike
0-1: Foul Ball, location: 2F
0-2: Ball
1-2: DOUBLE (Flyball, 78XD)
Batting: RHB William Hull 0-0: Ball
1-0: Called Strike
1-1: Swinging Strike
1-2: Strikes out swinging
Batting: SHB Jorge González 0-0: Called Strike
0-1: Ball
1-1: Called Strike
1-2: SINGLE (Groundball, 34D)
Armando Alvarado to third
Runner from 3rd tries for Home, SAFE, no throw or cutoff
Batting: RHB Tim Barnes 0-0: Foul Ball, location: 2F
0-1: Foul Ball, location: 2F
0-2: Ball
1-2: Strikes out looking
Top of the 9th over - 1 run(s), 2 hit(s), 0 error(s), 1 left on base; Panama City 7 - Vancouver 2
BOTTOM OF THE 9TH
Vancouver Grey Wolves batting - Pitching for Panama City Piranhas : RHP Dave Tomlinson
Batting: LHB José Alonso 0-0: Ball
1-0: Called Strike
1-1: Foul Ball, location: 2F
1-2: Hit by Pitch
Batting: RHB Danny Walsh 0-0: Grounds into double play, 6-4-3 (Groundball, 6)
Batting: LHB David Hubbard 0-0: Foul Ball, location: 2F
0-1: Fly out, F7 (Flyball, 7LS)
Bottom of the 9th over - 0 run(s), 0 hit(s), 0 error(s), 0 left on base; Panama City 7 - Vancouver 2
This league is powered by Out of the Park Baseball, the baseball management simulation game for PC, Mac and Linux
Monday, October 3rd, 2016 - OOTP Baseball 16.9 Build 39